Map: Neon Violet Square LE

Players

Marcus - Winner!

  • Race: Zerg Zerg
  • League: Platinum
  • Spawn Location: 5:00

axu

  • Race: Protoss Protoss
  • League: Platinum
  • Spawn Location: 11:00

VOD

Have the link to the VOD?

Description

Time

  • Played on: April 13, 2018, 10:20 a.m.
  • Length: 5:01
Show
View Real Time Build Order
Export as new Build Order

Marcus Zerg - Winner!

Build Orders: Hatch First 

Get SALT Encoding   

  12  0:02  Drone  
  13  0:08  Drone  
  14  0:18  Overlord  
  14  0:36  Drone x3  
  17  0:56  Drone  
  18  0:58  Hatchery  
  17  1:12  Spawning Pool  
  17  1:17  Drone, Extractor  
  16  1:19  Drone  
  17  1:38  Drone x2  
  19  1:45  Drone  
  20  1:51  Overlord  
  20  2:00  Queen  
  22  2:09  Zergling x2  
  22  2:13  Zergling x2  
  24  2:23  Drone x2  
  24  2:24  Queen  
  24  2:26  Overlord  
  28  2:35  Queen  
  30  2:40  Zergling x2  
  31  2:44  Metabolic Boost  
  31  2:46  Zergling x2  
  31  3:02  Zergling x2  
  32  3:12  Lair  
  32  3:18  Zergling x6  
  32  3:19  Zergling x2  
  36  3:32  Zergling x8  
  39  3:43  Zergling x4  
  39  3:44  Zergling x4  
  39  3:45  Overlord x2  
  40  4:07  Zergling x10  
  41  4:42  Zergling x12  
Show
View Real Time Build Order
Export as new Build Order

axu Protoss 

Build Orders:  

Get SALT Encoding   

  12  0:01  Probe  
  13  0:13  Probe  
  14  0:24  Pylon  
  14  0:25  Probe  
  15  0:42  Probe  
  16  0:44  Gateway  
  16  0:54  Probe (Chrono Boost)  
  16  0:56  Assimilator  
  18  1:06  Probe (Chrono Boost)  
  18  1:11  Probe (Chrono Boost)  
  19  1:22  Probe  
  20  1:45  Nexus  
  20  1:52  Cybernetics Core  
  20  2:02  Assimilator  
  20  2:04  Probe (Chrono Boost)  
  20  2:05  Pylon  
  21  2:18  Probe (Chrono Boost)  
  22  2:28  Probe, Warp Gate  
  22  2:29  Adept (Chrono Boost)  
  25  2:52  Gateway  
  25  2:57  Probe  
  26  2:58  Probe  
  27  3:06  Stalker  
  27  3:09  Probe  
  27  3:11  Probe  
  31  3:21  Probe, Pylon  
  31  3:23  Probe  
  33  3:33  Probe  
  34  3:40  Adept  
  31  4:14  Adept x2  
  35  4:17  Pylon  
  35  4:20  Pylon  
  33  4:24  Probe x2  
  35  4:33  Shield Battery  
  35  4:36  Probe x2  
  31  4:48  Probe  
  31  4:49  Pylon  
Tags
 
Add a new tag
Caveats
  • Supply blocks, unpowered buildings, or Contaminate may cause inaccurate times.
  • Supply counts are checked every 10 seconds.